 Dungeon Crawl Stone Soup version 0.18.1-48-g4cf74bf (webtiles) character file.

886 urioxis the Cudgeler (level 7, -5/63 HPs)
             Began as a Minotaur Berserker on July 17, 2016.
             Was a Priest of Trog.
             Slain by Menkaure (19 damage)
             ... on level 5 of the Dungeon.
             The game lasted 00:10:12 (3378 turns).

urioxis the Cudgeler (Minotaur Berserker)           Turns: 3378, Time: 00:10:13

Health: -5/63      AC: 11    Str: 23    XL:     7   Next: 77%
Magic:  6/6        EV:  9    Int:  4    God:    Trog [***...]
Gold:   272        SH:  0    Dex: 10    Spells: 0 memorised, 6 levels left

rFire  . . .     SeeInvis .     a - +0 mace
rCold  . . .     Gourm    .     r - +0 chain mail
rNeg   . . .     Faith    .     (no shield)
rPois  .         Spirit   .     (helmet restricted)
rElec  .         Dismiss  .     l - +0 cloak
rCorr  .         Reflect  .     (no gloves)
SustAt .         Harm     .     (no boots)
MR     .....                    (no amulet)
Stlth  ..........               (no ring)
                                (no ring)

@: not resistant to hostile enchantments, extremely unstealthy
A: retaliatory headbutt, horns 2
a: Berserk, Trog's Hand, Burn Spellbooks, Renounce Religion


You were on level 5 of the Dungeon.
You worshipped Trog.
Trog was most pleased with you.
You were not hungry.

You visited 1 branch of the dungeon, and saw 5 of its levels.

You collected 272 gold pieces.

Inventory:

Hand Weapons
 a - a +0 mace (weapon)
 k - a +1 vampiric whip
Missiles
 j - 53 bolts
Armour
 l - a +0 cloak (worn)
 r - a +0 chain mail (worn)
Jewellery
 s - an uncursed ring of protection from magic {unknown}
Wands
 b - a wand of flame (26/48)
Scrolls
 e - a scroll of enchant weapon {unknown}
 f - 7 scrolls of identify {unknown}
 g - 2 scrolls of fear {unknown}
 m - 2 scrolls of immolation {unknown}
 p - 3 scrolls of teleportation {unknown}
 t - a scroll of remove curse {unknown}
 v - a scroll of blinking {unknown}
Potions
 d - a potion of haste {unknown}
 h - a potion of agility {unknown}
 i - 3 potions of curing {unknown}
 q - 3 potions of flight {unknown}
 w - a potion of magic {unknown}
 x - a potion of resistance {unknown}
Comestibles
 c - 3 bread rations
 n - a slice of pizza
 o - 3 meat rations
 u - 2 chunks of flesh


   Skills:
 + Level 6.1 Fighting
 * Level 7.6 Maces & Flails
 + Level 5.0 Armour
 + Level 4.8 Dodging


You had 6 spell levels left.
You didn't know any spells.

Dungeon Overview and Level Annotations

Branches:
Dungeon (5/15)
 Temple: D:4-7

Altars:
Fedhas
Ru

Annotations:
D:5 Menkaure


Innate Abilities, Weirdness & Mutations

You reflexively headbutt those who attack you in melee.
You have a pair of horns on your head.


Message History

You hit the killer bee zombie. The killer bee zombie hits you. x2
You hit the killer bee zombie.
You destroy the killer bee zombie!
Menkaure hits you but does no damage.
You hit Menkaure but do no damage.
Menkaure calls on the powers of darkness!
Your body is wracked with pain!
* * * LOW HITPOINT WARNING * * *
You are too injured to fight recklessly!
You are too injured to fight recklessly!
You are too injured to fight recklessly!
You are too injured to fight recklessly!
You hit Menkaure. You headbutt Menkaure.
Menkaure is moderately damaged.
Menkaure barely misses you. You furiously retaliate!
You headbutt Menkaure, but do no damage.
You hit Menkaure. You headbutt Menkaure.
Menkaure is severely damaged.
Menkaure hits you!!
You die...

##### ....#
....#### .......#
.......#
....###############
....'.............#
....############@##
##### #M# #.# #.#
#.# #.# #.# ####
#.# ..#


You could see Menkaure.

Vanquished Creatures
  The ghost of Krapald the Ruffian, an amateur TrMo (D:4)
  2 ogres (D:4)
  A crimson imp (D:4)
  2 hounds (D:4)
  An orc wizard (D:4)
  An orc priest (D:4)
  A giant frog skeleton (D:4)
  Ijyb (D:2)
  5 worker ants
  Natasha (twice) (D:2)
  A killer bee zombie (D:5)
  4 gnolls (D:4)
  4 adders
  A howler monkey skeleton (D:4)
  An ooze (D:2)
  2 worms (D:2)
  A dart slug (D:1)
  3 giant geckos
  3 orcs
  5 bats
  3 giant cockroaches (D:3)
  7 goblins
  10 hobgoblins
  10 jackals
  2 quokkas
  2 ball pythons
  A jackal skeleton (D:4)
  A jackal zombie (D:4)
  5 kobolds
  7 rats
90 creatures vanquished.

Notes
Turn   | Place    | Note
--------------------------------------------------------------
     0 | D:1      | urioxis the Minotaur Berserker began the quest for the Orb.
     0 | D:1      | Reached XP level 1. HP: 19/19 MP: 0/0
    51 | D:1      | Reached XP level 2. HP: 20/27 MP: 1/1
   403 | D:1      | Reached skill level 4 in Maces & Flails
   820 | D:2      | Noticed Natasha
   825 | D:2      | Killed Natasha
   825 | D:2      | Reached XP level 3. HP: 33/33 MP: 2/2
  1002 | D:2      | Noticed Ijyb
  1006 | D:2      | Killed Ijyb
  1006 | D:2      | Reached XP level 4. HP: 40/40 MP: 3/3
  1049 | D:2      | Found a sacrificial altar of Ru.
  1270 | D:2      | Reached ** piety under Trog
  1405 | D:2      | Noticed Natasha
  1412 | D:2      | Killed Natasha
  1412 | D:2      | Reached skill level 5 in Maces & Flails
  1717 | D:3      | Reached XP level 5. HP: 47/47 MP: 4/4
  2017 | D:3      | Found a blossoming altar of Fedhas.
  2453 | D:4      | Noticed Krapald's ghost (amateur TrMo)
  2462 | D:4      | Killed Krapald's ghost
  2462 | D:4      | Reached skill level 5 in Fighting
  2462 | D:4      | Reached XP level 6. HP: 56/56 MP: 5/5
  2501 | D:4      | Reached skill level 6 in Maces & Flails
  2502 | D:4      | Reached *** piety under Trog
  2827 | D:4      | Reached XP level 7. HP: 38/61 MP: 6/6
  2938 | D:4      | Reached skill level 7 in Maces & Flails
  3162 | D:4      | Reached skill level 5 in Armour
  3221 | D:5      | Entered Level 5 of the Dungeon
  3369 | D:5      | Noticed Menkaure
  3378 | D:5      | Slain by Menkaure

Skill      XL: |  1  2  3  4  5  6  7 |
---------------+----------------------+-----
Maces & Flails | 4 5 6 7 |  7.6
Fighting       | 4 5 6 |  6.1
Armour         | 3 4 5 |  5.0
Dodging        | 3 4 |  4.8

Action                   |  1- 3 |  4- 6 |  7- 9 || total
-------------------------+-------+-------+-------++-------
Melee: Mace              |    39 |   136 |    68 ||   243
       Headbutt          |     5 |    28 |    19 ||    52
Invok: Berserk           |     2 |     1 |       ||     3
  Eat: Chunk             |     1 |     8 |     2 ||    11
Armor: Animal skin       |     5 |       |       ||     5
       Ring mail         |       |    15 |       ||    15
       Chain mail        |       |    59 |    35 ||    94
Dodge: Dodged            |    23 |    88 |    32 ||   143
